 Dungeon Crawl Stone Soup version 0.32-a0-422-g28b100f618 (webtiles) character file.

Game seed: 13477600379928191461

1471 Bravepunisher the Changeling (level 8, -3/42 HPs)
             Began as a Spriggan Shapeshifter on Feb 21, 2024.
             Was a Believer of Makhleb.
             Killed by divine providence
             ... invoked by an orc priest
              (16 damage)
             ... on level 6 of the Dungeon.
             The game lasted 00:15:38 (6302 turns).

Bravepunisher the Changeling (SpSh)                 Turns: 6302, Time: 00:15:39

Health: -3/42      AC:  6    Str: 12    XL:     8   Next: 49%
Magic:  12/12      EV: 19    Int: 12    God:    Makhleb [**....]
Gold:   316        SH:  0    Dex: 14    Spells: 7/7 levels left

rFire   . . .        l - +1 dagger (flame)
rCold   . . .        (no shield)
rNeg    . . .        a - +0 animal skin
rPois   .            (helmet currently unavailable)
rElec   .            f - melded scarf {harm}
rCorr   .            (gloves unavailable)
SInv    +            (boots unavailable)
Will    +....        (no amulet)
Stlth   +            r - +4 ring of protection
HPRegen 0.27/turn    (no ring)
MPRegen 0.13/turn

%: no passive effects
@: beast-form, very quick
A: beast (slay +3), very small, no large weapons, unfitting armour, see
invisible, speed 3
a: Begin Untransformation, Renounce Religion, Minor Destruction


You were on level 6 of the Dungeon.
You worshipped Makhleb.
Makhleb was pleased with you.
You were a hulking beast.
You visited 2 branches of the dungeon, and saw 7 of its levels.
You also visited: Sewer.

You collected 316 gold pieces.

Inventory:

Hand Weapons
 l - a +1 dagger of flaming (weapon)
Armour
 a - a +0 animal skin (worn)
 f - a scarf of harm (melded)
Jewellery
 r - a +4 ring of protection (left hand)
 B - a ring of resist corrosion
Talismans
 c - a beast talisman (active)
 d - a flux talisman
Scrolls
 e - 2 scrolls of teleportation {unknown}
 g - 3 scrolls of brand weapon {unknown}
 h - a scroll of noise {unknown}
 i - 4 scrolls of revelation {unknown}
 k - 2 scrolls of enchant armour {unknown}
 m - a scroll of blinking {unknown}
 n - 5 scrolls of identify {unknown}
 s - 3 scrolls of poison {unknown}
 t - 2 scrolls of vulnerability {unknown}
 y - 2 scrolls of summoning {unknown}
Potions
 b - 3 potions of lignification
 j - a potion of curing
 o - 2 potions of attraction {unknown}
 p - 2 potions of heal wounds {unknown}
 q - 2 potions of resistance {unknown}
 u - a potion of mutation {unknown}
 v - 2 potions of experience {unknown}
 w - a potion of brilliance {unknown}
 x - a potion of invisibility {unknown}
 z - a potion of might {unknown}
 A - 2 potions of degeneration {unknown}


   Skills:
 * Level 4.7 Fighting
 + Level 4.0 Short Blades
 + Level 6.4 Dodging
 - Level 2.4 Unarmed Combat
 + Level 4.6 Invocations
 + Level 6.6 Shapeshifting


You had 7 spell levels left.
You didn't know any spells.
Your spell library contained the following spells:

 Spells                   Type           Power      Damage    Failure   Level
 Slow                     Hex            0%         N/A       32%         1
 Call Imp                 Summ           0%         N/A       45%         2
 Sublimation of Blood     Necr           0%         N/A       45%         2
 Confusing Touch          Hex            0%         N/A       69%         3
 Hailstorm                Conj/Ice       0%         3d5       69%         3
 Sigil of Binding         Hex            0%         N/A       69%         3
 Summon Ice Beast         Ice/Summ       0%         N/A       69%         3
 Vampiric Draining        Necr           0%         2d6       69%         3
 Volatile Blastmotes      Fire/Tloc      0%         2d10      69%         3
 Fulminant Prism          Conj/Alch      0%         3d5       97%         4
 Iskenderun's Mystic Bla  Conj/Tloc      0%         2d3       97%         4
 Sculpt Simulacrum        Ice/Alch       0%         N/A       100%        6
 Summon Hydra             Summ           0%         N/A       100%        7


Dungeon Overview and Level Annotations

Branches:
Dungeon (6/15)             Temple (1/1) D:6           Sewer (visited)

Altars:
Ashenzari
Cheibriados
Dithmenos
Elyvilon
Fedhas
Gozag
Kikubaaqudgha
Makhleb
Nemelex Xobeh
Qazlal
Ru
Sif Muna
Trog
Uskayaw
Vehumet
Wu Jian
Xom
Yredelemnul
Zin
The Shining One

Shops:
D:3 (([

Annotations:
D:6 Maggie


Innate Abilities, Weirdness & Mutations

You are a hulking beast.
Your limbs bulge with bestial killing power. (Slay +3)
You are very small and have problems with some larger weapons.
You are too small for most types of armour.
You have supernaturally acute eyesight. (SInv)
You cover ground extremely quickly. (Speed+++)


Message History

The orc warrior is heavily wounded.
Aiming: Minor Destruction (1% risk of failure)
Press: ? - help, Shift-Dir - straight line, f/p - orc warrior
Aim: an orc warrior, wielding a +0 trident and wearing a +0 chain mail (heavily wounded)
The stone arrow hits the orc warrior but does no damage.
The orc warrior is heavily wounded.
Aiming: Minor Destruction (1% risk of failure)
Press: ? - help, Shift-Dir - straight line, f/p - orc warrior
Aim: an orc warrior, wielding a +0 trident and wearing a +0 chain mail (heavily wounded)
The stone arrow hits the orc warrior.
The orc warrior is heavily wounded.
Aiming: Minor Destruction (1% risk of failure)
Press: ? - help, Shift-Dir - straight line, f/p - orc warrior
Aim: an orc warrior, wielding a +0 trident and wearing a +0 chain mail (heavily wounded)
The glob of acid hits the orc warrior!
The acid corrodes the orc warrior!
The orc warrior is almost dead.
Aiming: Minor Destruction (1% risk of failure)
Press: ? - help, Shift-Dir - straight line, f/p - orc warrior
Aim: an orc warrior, wielding a +0 trident and wearing a +0 chain mail (almost dead, covered in acid)
The orc warrior writhes in agony.
You kill the orc warrior!
Makhleb accepts your kill.
Your Short Blades skill increases to level 4!
An orc priest comes into view. It is wielding a +0 short sword.
The orc priest shouts!
An orc comes into view. It is wielding a +0 whip.
Aiming: Minor Destruction (1% risk of failure)
Press: ? - help, Shift-Dir - straight line, f - orc priest
Aim: an orc priest, wielding a +0 short sword and wearing a +0 scale mail The zap hits the orc priest.
The orc priest is lightly wounded.
The orc shouts!
Aiming: Minor Destruction (1% risk of failure)
Press: ? - help, Shift-Dir - straight line, f/p - orc priest
Aim: an orc priest, wielding a +0 short sword and wearing a +0 scale mail (lightly wounded)
The zap hits the orc priest.
The orc priest is moderately wounded.
The orc priest invokes the aid of Beogh against you.
Beogh smites you!
You die...

....#.# #.# #........#
....#.####'####........#
....#..................#
....#..##...##.........#
....#..##...##.........#
....##.##...##.....#+###
....##.##...##.......#
####.....<..#############
## #............h.).oo..#
.###...##..############.#
.......###...# #.#
..##.[.# #.#.# #o#
..##...# #.#.# #.#
..##.#.# #.#.## ###.#
#.##.#.# #.#..# #...#
..##'#.# #.##.# #.###
#......# #.##.# #.#


You could see an orc priest and an orc.

Vanquished Creatures
  A water moccasin (D:5)
  An orc warrior (D:6)
  A bullfrog (D:6)
  2 brain worms (Sewer)
  4 scorpions
  2 howler monkeys (D:6)
  2 gnoll boudas
  2 hounds (D:5)
  4 jellies (D:6)
  2 iguanas
  2 orc wizards
  12 gnolls
  5 adders
  6 river rats (Sewer)
  4 ufetubi
  A ribbon worm (D:4)
  A dart slug (D:1)
  9 orcs
  7 ball pythons
  7 endoplasms
  A giant cockroach (D:5)
  6 goblins
  5 hobgoblins
  8 jackals
  4 kobolds
  3 quokkas
  A ball python zombie (D:3)
  7 bats
  8 frilled lizards
  A giant cockroach zombie (D:3)
  9 rats
  A butterfly (D:5)
129 creatures vanquished.

Notes
Turn   | Place    | Note
-------+----------+-------------------------------------------
     0 | D:1      | Bravepunisher the Spriggan Shapeshifter began the quest for
                  | the Orb.
     0 | D:1      | Reached XP level 1. HP: 9/9 MP: 2/2
   122 | D:3      | Found Kaoluy's Antique Armour Shop.
   176 | D:3      | Found Foiluza's Weapon Shoppe.
   218 | D:3      | Reached skill level 1 in Fighting
   282 | D:4      | Found a hide-covered altar of Uskayaw.
   297 | D:4      | Found a burning altar of Makhleb.
   298 | D:4      | Noticed a scorpion
   303 | D:4      | Became a worshipper of Makhleb the Destroyer
   364 | D:1      | Reached XP level 2. HP: 14/14 MP: 3/3
   504 | D:1      | You fall into a shaft and drop 1 floor!
   548 | D:1      | Reached skill level 1 in Invocations
   559 | D:1      | Reached XP level 3. HP: 14/18 MP: 4/4
   630 | D:1      | Found a faded altar of an unknown god.
  1674 | D:2      | Reached XP level 4. HP: 9/22 MP: 6/6
  1884 | D:2      | Identified the +7 chain mail "Qeto" {*Slow rC+++ Int+2}
  1915 | D:2      | Reached * piety under Makhleb
  2583 | D:3      | Found a basalt altar of Yredelemnul.
  2623 | D:3      | Found Ofiwn's Weapon Shoppe.
  2669 | D:3      | Found a bloodstained altar of Trog.
  3093 | D:4      | Reached XP level 5. HP: 26/26 MP: 7/7
  3254 | D:4      | Reached skill level 1 in Short Blades
  3254 | D:4      | Reached skill level 5 in Shapeshifting
  3267 | D:4      | Found a stormy altar of Qazlal.
  3589 | D:5      | Entered Level 5 of the Dungeon
  3589 | D:5      | Noticed a water moccasin
  3683 | D:5      | Found a white marble altar of Elyvilon.
  3714 | D:5      | Found a glowing drain.
  3733 | Sewer    | Entered a sewer
  3787 | Sewer    | Reached XP level 6. HP: 30/30 MP: 9/9
  4067 | Sewer    | Reached ** piety under Makhleb
  4375 | D:5      | Reached XP level 7. HP: 36/36 MP: 10/10
  4389 | D:5      | Reached skill level 5 in Dodging
  4404 | D:5      | Found a shimmering altar of Xom.
  5471 | D:6      | Noticed Maggie
  5595 | D:6      | Found a staircase to the Ecumenical Temple.
  5604 | Temple   | Entered the Ecumenical Temple
  5609 | D:6      | Reached XP level 8. HP: 41/42 MP: 12/12
  5948 | D:6      | Found a glowing golden altar of the Shining One.
  6006 | D:6      | Found a broken altar of Ashenzari.
  6302 | D:6      | Killed from afar by an orc priest

Illustrated notes

Levels and vault maps discovered:
D:1:      shiori_arrival_maze, layout_basic, basic_ecumenical_altar,
          serial_forest, infiniplex_forest_lined_corner,
          infiniplex_forest_clump_tiny, infiniplex_forest_lined_3_way,
          infiniplex_forest_lined_2, infiniplex_forest_lined_1,
          infiniplex_forest_clump_long, infiniplex_forest_split,
          infiniplex_forest_end_double
D:2:      layout_rooms
D:3:      layout_basic, trog_book, lemuel_zombie_altar_yredelemnul,
          serial_shops, nicolae_shop_tiny_glass, nicolae_shop_statue_plus,
          nicolae_shop_tiny_glass, serial_curves, eino_curves_04,
          eino_curves_02, eino_curves_03, eino_curves_01
D:4:      layout_basic, grunt_qazlal_sundering,
          mainiacjoe_overflow_tiny_flanked, lemuel_round_altar
D:5:      layout_loops_corners, xom_butterflies, elyvilon_altar_3,
          portal_sewer_entry_a
D:6:      layout_basic, cheibrodos_ashenzari_chains,
          mainiacjoe_overflow_alcove_2, minmay_temple_entry_nine_rooms,
          uniq_maggie
Temple:   nicolae_temple_ecumenical_triangle

Skill      XL: |  1  2  3  4  5  6  7  8 |
---------------+-------------------------+-----
Fighting       | 1 2 3 4 |  4.7
Dodging        | 3 4 5 6 |  6.4
Invocations    | 1 2 3 4 |  4.6
Short Blades   | 1 2 3 4 |  4.0
Shapeshifting  | 5 6 |  6.6
Unarmed Combat | |  2.4

Action                     |  1- 3 |  4- 6 |  7- 9 || total
---------------------------+-------+-------+-------++-------
  Melee: Unarmed           |   112 |     7 |       ||   119
         Punch             |     1 |       |       ||     1
         Dagger            |       |   173 |    78 ||   251
  Throw: Throwing net      |     1 |       |       ||     1
 Invoke: Minor Destruction |       |    10 |   105 ||   115
Ability: Begin Untransform |     1 |       |       ||     1
    Use: Potion            |       |     3 |       ||     3
   Stab: Sleeping          |     1 |     1 |       ||     2
         Distracted        |     1 |     1 |       ||     2
 Armour: Animal skin       |    48 |    52 |    36 ||   136
  Dodge: Dodged            |   100 |   163 |    75 ||   338
   Form: Beast             |     1 |       |       ||     1

Table legend: (Time is in decaauts)
 A = Elapsed time spent in this place.
 B = Non-inter-level travel time spent in this place.
 C = Inter-level travel time spent in this place.
 D = Time resting spent in this place.
 E = Time spent auto-exploring this place.
 F = Levels seen in this place.
 G = Mean time per level.
                   A        B        C        D        E       F      G
               +--------+--------+--------+--------+--------+-----+--------+
         Total |   4471 |   4326 |    145 |    161 |   3104 |   8 |  558.9 |
       Dungeon |   3980 |   3835 |    145 |    155 |   2798 |   6 |  663.3 |
        Temple |      1 |      1 |      0 |      0 |      0 |   1 |    1.0 |
         Sewer |    489 |    489 |      0 |      5 |    306 |   1 |  489.0 |
               +--------+--------+--------+--------+--------+-----+--------+

Top non-repeatable levels by time:
     D:5: 959 daAuts
     D:1: 835 daAuts
     D:3: 602 daAuts
     D:6: 571 daAuts
     D:2: 510 daAuts
     D:4: 501 daAuts
   Sewer: 489 daAuts
  Temple: 1 daAuts
